 Dungeon Crawl Stone Soup version 0.28.0-1-gb440e238dd (webtiles) character file.

Game seed: 11614383081833667377

86 zeram the Covert (level 4, -1/33 HPs)
             Began as a Spriggan Brigand on Feb 23, 2022.
             Succumbed to a kobold brigand's curare-tipped dart
             ... in a sewer.
             The game lasted 00:04:01 (2426 turns).

zeram the Covert (Spriggan Brigand)                 Turns: 2426, Time: 00:04:01

Health: -1/33      AC:  8    Str: 13    XL:     4   Next: 27%
Magic:  5/5        EV: 17    Int: 14    God:
Gold:   92         SH:  0    Dex: 16    Spells: 3/3 levels left

rFire   . . .      SeeInvis +   i - +2 dagger (vamp)
rCold   . . .      Faith    .   (no shield)
rNeg    . . .      Spirit   .   b - +0 robe
rPois   .          Reflect  .   (helmet restricted)
rElec   .          Harm     .   c - +1 cloak
rCorr   .          Rampage  .   (gloves unavailable)
Will    .....                   (boots unavailable)
Stlth   ..........              (no amulet)
HPRegen 0.11/turn               g - +4 ring of protection
MPRegen 0.09/turn               h - +6 ring of strength

@: berserking, lethally poisoned (-1 -> -7), attractive, slowed, very quick
A: very small, no large weapons, unfitting armour, see invisible, speed 3
a: no special abilities


You were in a sewer.
You visited 1 branch of the dungeon, and saw 3 of its levels.
You also visited: Sewer.

You collected 92 gold pieces.

Inventory:

Hand Weapons
 a - a +2 dagger of draining
 i - a +2 vampiric dagger (weapon)
Missiles
 d - 8 poisoned darts (quivered)
 e - 2 curare-tipped darts
Armour
 b - a +0 robe (worn)
 c - a +1 cloak (worn)
Jewellery
 g - a +4 ring of protection (left hand)
 h - a +6 ring of strength (right hand)
Potions
 m - a potion of magic {unknown}
 n - a potion of degeneration {unknown}


   Skills:
 - Level 1.5 Fighting
 + Level 2.8 Short Blades
 - Level 2.0 Throwing
 + Level 2.5 Dodging
 + Level 8.0 Stealth


You had 3 spell levels left.
You didn't know any spells.
Your spell library was empty.

Dungeon Overview and Level Annotations

Branches:
Dungeon (3/15)              Sewer (1/1)

Altars:

Shops:
D:1 :


Innate Abilities, Weirdness & Mutations

You are very small and have problems with some larger weapons.
You are too small for most types of armour.
You have supernaturally acute eyesight. (SInv)
You cover ground extremely quickly. (Speed+++)


Message History

The kobold brigand shouts!
The kobold shouts!
Found a fuming puce potion, a long sword and a green potion.
Found a gate leading back out of this place.
There are monsters nearby!
There are monsters nearby!
There are monsters nearby!
There are monsters nearby!
There are monsters nearby!
You closely miss the kobold brigand.
The kobold brigand hits you with a +0 club.
You hit the kobold brigand.
You feel better.
The kobold brigand is lightly wounded.
The kobold brigand hits you with a +0 club.
You hit the kobold brigand.
You feel better.
The kobold brigand is lightly wounded.
You closely miss the kobold brigand.
The kobold brigand is lightly wounded.
The kobold brigand hits you with a +0 club.
The kobold closely misses you.
Unknown command.
Okay, then.
You aren't carrying any scrolls.
Okay, then.
The kobold brigand throws a curare-tipped dart.
The curare-tipped dart hits you.
You are poisoned.
You have difficulty breathing.
You feel yourself slow down.
* * * LOW HITPOINT WARNING * * *
You feel very sick.
* * * LOW HITPOINT WARNING * * *
You feel sick.
It was a potion of attraction.
You feel attractive to monsters.
* * * LOW HITPOINT WARNING * * *
You feel very sick. The kobold hits you but does no damage.
It was a potion of berserk rage.
A red film seems to cover your vision as you go berserk!
You feel yourself moving faster!
You feel mighty!
You die...

#### ### ####..####.###
#.P..........#####
....P....P.......###
......††....P...@K.#
................KK.## ####
....................#...)#
.P.≈.......≈≈P...≈≈.'...!#
≈≈≈P≈...≈≈≈≈≈≈.P..≈≈'..∩.#
≈≈P≈≈P..≈≈P≈≈P≈P.≈≈≈#!...#
#≈#≈#######≈##############
≈≈≈≈≈≈ ≈≈≈≈ ≈≈≈≈≈ ≈≈


You could see a kobold brigand and 2 kobolds.

Vanquished Creatures
  An adder (D:3)
  A river rat (D:3)
  A worm (D:2)
  2 dart slugs
  9 bats
  5 endoplasms
  5 giant cockroaches
  3 goblins
  4 hobgoblins
  4 jackals (D:1)
  6 kobolds
  4 quokkas
  4 ball pythons
  3 frilled lizards
  6 rats
58 creatures vanquished.

Notes
Turn   | Place    | Note
-------+----------+-------------------------------------------
     0 | D:1      | zeram the Spriggan Brigand began the quest for the Orb.
     0 | D:1      | Reached XP level 1. HP: 10/10 MP: 2/2
    26 | D:1      | Reached skill level 6 in Stealth
    98 | D:1      | Reached XP level 2. HP: 4/14 MP: 3/3
   746 | D:1      | Reached skill level 7 in Stealth
   804 | D:1      | Found a faded altar of an unknown god.
  1107 | D:1      | Found Ubryad's Book Shoppe.
  1263 | D:1      | Reached XP level 3. HP: 18/18 MP: 4/4
  2173 | D:3      | Reached XP level 4. HP: 22/22 MP: 5/5
  2228 | D:3      | Found a glowing drain.
  2242 | Sewer    | Entered a sewer
  2374 | Sewer    | Reached skill level 8 in Stealth
  2417 | Sewer    | Noticed a kobold brigand
  2425 | Sewer    | HP: 1/22 [poisoned by a kobold brigand (curare-tipped
                  | dart)]
  2426 | Sewer    | Succumbed to a kobold brigand's curare-tipped dart

Illustrated notes

Levels and vault maps discovered:
D:1:      psy_arrival_whirlpool, layout_basic, serial_shops,
          nicolae_shop_window_shopping, hellmonk_ecumenical_altar_leap_of_faith
D:2:      layout_rooms
D:3:      layout_basic, gup_sewer_entry_bubbles
Sewer:    kennysheep_pipe_town

Skill      XL: |  1  2  3  4 |
---------------+-------------+-----
Stealth        | 6 7 8 |  8.0
Dodging        | 2 |  2.5
Fighting       | |  1.5
Short Blades   | |  2.8
Throwing       | |  2.0

Action                   |  1- 3 |  4- 6 || total
-------------------------+-------+-------++-------
Melee: Dagger            |   144 |    42 ||   186
       Punch             |     3 |       ||     3
  Use: Scroll            |     5 |       ||     5
       Potion            |       |     3 ||     3
 Stab: Sleeping          |    19 |     1 ||    20
Armor: Robe              |    27 |    10 ||    37
Dodge: Dodged            |   115 |    41 ||   156
